 Dungeon Crawl Stone Soup version 0.02-1-gc4eb60e977 (webtiles) character file.

Game seed: 679858392344601114, levelgen mode: deterministic

886 Lanoc the Skirmisher (level 7, 0/61 HPs) Blue Draconian Demonspawn. Began on Aug 2, 2020. Slain by Duvessa ... wielding a +0 short sword (13 damage) ... on level 2 of the Dungeon. The game lasted 00:05:24 (1103 turns).

Lanoc the Skirmisher (Blue Draconian Demonspawn)    Turns: 1103, Time: 00:05:25

Health: 0/61       AC:  7    Str: 17    XL:     7 ^: 159
Magic:  10/11      EV: 14    Int: 12    God:
Gold:   28         SH:  0    Dex: 12    Spells: 10/11 levels left

rFire    . . .     Vision   .   a - +0 long sword
rCold    . . .     Gourm    .   (no weapon)
rNeg     . . .     Faith    .   (armour unavailable)
rPois    .         Spirit   .   (helmet restricted)
rElec    +         Reflect  .   (no cloak)
rCorr    .         Harm     .   (no gloves)
MR       .....                  (no boots)
Stlth    +++.......             (no amulet)
HPRegen  0.30/turn              (no ring)
MPRegen  0.21/turn              (no ring)

@: short of breath, very slightly contaminated, hasted, very quick
A: no body armour, unfitting armour, antennae 2, demonic guardian 1,
nightstalker 1, cold-blooded, air enhancer 1, rElec, AC +7
a: Breathe Lightning


You were on level 2 of the Dungeon.
You were hungry.

You visited 1 branch of the dungeon, and saw 2 of its levels.

You collected 28 gold pieces.

Inventory:

Weapons
 a - a +0 long sword (weapon)
Scrolls
 e - 2 scrolls of magic mapping
 f - a scroll of teleportation
Potions
 b - 2 potions of curing
 d - a potion of might
 h - a potion of resistance
 i - a potion of brilliance
Comestibles
 c - 4 rations
 j - 4 chunks of flesh


   Skills:
 + Level 5.3 Fighting
 * Level 5.0 Long Blades
 + Level 4.1 Dodging
 - Level 1.3 Stealth
 - Level 2.6 Spellcasting
   Level 3.0 Invocations


You had 10 spell levels left.
You knew the following spells:

 Your Spells              Type           Power        Failure   Level  Hunger
a - Flame Tongue          Fire           1 (40)       26%         1    #......

Your spell library contained the following spells:

 Spells                   Type           Power        Failure   Level  Hunger
 Blink                    Tloc           N/A          36%         2    ###....
 Call Imp                 Summ           1 (100)      36%         2    ###....
 Slow                     Hex            1 (100)      36%         2    ###....
 Conjure Flame            Fire           1 (100)      58%         3    ###....
 Mephitic Cloud           Pois/Air       2 (100)      58%         3    ###....


Dungeon Overview and Level Annotations

Branches:
Dungeon (2/8)

Altars:

Annotations:
D:2 Duvessa


Innate Abilities, Weirdness & Mutations

You cannot fit into any form of body armour.
Your flickering blue scales are hard. (AC +7)
You can breathe wild blasts of lightning You have a pair of antennae on your head.
A weak demonic guardian rushes to your aid.
You are slightly more attuned to the shadows.
You are cold-blooded and may be slowed by cold attacks.
You are in touch with the powers of the air.
Your flickering blue scales grant you resistance to electric shocks. (rElec)


Message History

Duvessa rages.
Casting: Flame Tongue (safe; 26% risk of failure)
Confirm with . or Enter, or press ? or * to list all spells.
Aiming: Flame Tongue (safe; 26% risk of failure)
Press: ? - help, Shift-Dir - straight line, f/p - Duvessa
Aim: Duvessa, wielding a +0 short sword and wearing a +0 leather armour (lightly wounded (50/53), berserk, fast, unusually strong)
The flame tongue hits Duvessa (4).
Duvessa is lightly wounded. (46/53) HP Duvessa hits you with a +0 short sword (10)!
Duvessa hits you with a +0 short sword (10)!
* * * LOW HITPOINT WARNING * * *
You breathe a wild blast of lightning!
The lightning breath engulfs Duvessa (5).
You are feeling hungry.
Duvessa closely misses you (0).
You feel yourself speed up.
Duvessa hits you with a +0 short sword (3).
* * * LOW HITPOINT WARNING * * *
Duvessa hits you with a +0 short sword (13)!
You die...

#..### #≈≈≈≈≈≈#.≈#
##..≈# #≈≈≈≈≈≈#≈# ##..#
#≈≈;≈≈.≈## ##..#
#.≈≈≈≈..≈#.# #≈≈###
###≈...≈..≈)# ##≈..###
#≈..≈≈...#≈#### ##...≈#
##.#.≈≈≈≈.###.≈#
###.≈###..≈.≈≈≈≈.#.P..#
#..##≈<...@e≈≈....†≈#
##..#..#.≈).p..##..<####
#≈.#..##[≈≈≈≈.≈≈..##≈≈##
##.≈.###≈≈≈≈≈.......÷..#
##≈####≈≈≈≈≈≈##......≈#
####..≈≈≈≈≈≈###....#≈#
##.≈#.≈≈≈≈≈#≈#≈..####
#.≈...≈≈≈≈≈.######
##≈≈#≈≈≈≈≈.#..#..#≈.#


You could see Duvessa (berserk), a neutral freed slave (wandering) and a neutral
slimehead (wandering) (passive).

Vanquished Creatures
  Pikel (D:2)
  3 big kobolds (D:2)
  2 jellies (D:2)
  An adder (D:2)
  A sewer rat (D:2)
  2 worms (D:2)
  7 cinder newts
  A dart slug (D:1)
  2 leopard geckos (D:1)
  An adder skeleton (D:2)
  4 ball pythons (D:2)
  2 bats
  4 giant cockroaches
  5 goblins (D:1)
  6 hobgoblins (D:1)
  A ball python skeleton (D:2)
  A goblin skeleton (D:2)
  A jackal skeleton (D:2)
  13 kobolds
  4 rats (D:1)
  2 slaves (D:2)
64 creatures vanquished.

Vanquished Creatures (collateral kills)
  A bullfrog (D:2)
  Dowan (D:2)
  A leopard gecko (D:2)
  5 kobolds (D:2)
8 creatures vanquished.

Vanquished Creatures (others)
  An adder (D:2)
  3 sewer rats (D:2)
  A giant cockroach (D:2)
  4 kobolds (D:2)
  111 withered plants (D:2)
120 creatures vanquished.

Grand Total: 192 creatures vanquished

Notes
Turn   | Place    | Note
-------+----------+-------------------------------------------
     0 | D:1      | Lanoc the Immature Draconian Demonspawn began the quest for
                  | the Orb.
     0 | D:1      | Reached XP level 1. HP: 18/18 MP: 4/4
    79 | D:1      | Gained mutation: A weak demonic guardian rushes to your
                  | aid. [demonic ancestry]
    79 | D:1      | Reached XP level 2. HP: 25/25 MP: 5/5
   164 | D:1      | Gained mutation: You have a pair of small antennae on your
                  | head. [demonic ancestry]
   164 | D:1      | Reached XP level 3. HP: 26/30 MP: 7/7
   700 | D:2      | Gained mutation: You are slightly more attuned to the
                  | shadows. [demonic ancestry]
   700 | D:2      | Reached XP level 4. HP: 32/38 MP: 5/8
   734 | D:2      | Noticed a big kobold
   743 | D:2      | Killed a big kobold
   743 | D:2      | Gained mutation: You have a pair of antennae on your head.
                  | [demonic ancestry]
   743 | D:2      | Reached XP level 5. HP: 36/45 MP: 7/9
   817 | D:2      | Reached XP level 6. HP: 40/52 MP: 10/10
   996 | D:2      | Noticed Pikel
  1019 | D:2      | Killed Pikel
  1019 | D:2      | Reached skill level 5 in Fighting
  1019 | D:2      | Your scales start taking on a flickering blue colour.
  1019 | D:2      | Reached XP level 7. HP: 17/61 MP: 7/11
  1019 | D:2      | Gained mutation: Your flickering blue scales grant you
                  | resistance to electric shocks. (rElec) [Blue Draconian
                  | growth]
  1019 | D:2      | Gained mutation: You are in touch with the powers of the
                  | air. [Blue Draconian growth]
  1082 | D:2      | Noticed Dowan
  1087 | D:2      | Killed Dowan
  1087 | D:2      | Reached skill level 5 in Long Blades
  1090 | D:2      | Noticed Duvessa
  1103 | D:2      | Slain by Duvessa

Levels and vault maps discovered:
D:1:      lightli_arrival_windingriver, layout_loops_ring
D:2:      layout_sewer, serial_shops, nicolae_shop_trees, first_ration,
          uniq_purgy, uniq_duvessa, uniq_pikel, uniq_robin

Skill      XL: |  1  2  3  4  5  6  7 |
---------------+----------------------+-----
Long Blades    | 2 3 4 5 |  5.0
Fighting       | 3 4 5 |  5.3
Dodging        | 3 4 |  4.1
Stealth        | |  1.3
Spellcasting   | |  2.6
Invocations    | |  3.0

Action                   |  1- 3 |  4- 6 |  7- 9 || total
-------------------------+-------+-------+-------++-------
Melee: Long sword        |    96 |    74 |     7 ||   177
       Unarmed           |    72 |    65 |     5 ||   142
       Tailslap          |     4 |     9 |       ||    13
 Cast: Flame Tongue      |     2 |    16 |     4 ||    22
 Abil: Breathe Lightning |       |       |     1 ||     1
  Use: Potion            |       |       |     1 ||     1
 Stab: Distracted        |     1 |     1 |       ||     2
       Sleeping          |       |       |     1 ||     1
  Eat: Chunk             |       |     1 |     1 ||     2
Armor: Skin              |    20 |    27 |     3 ||    50
Dodge: Dodged            |    89 |    59 |     3 ||   151
       Rpst.: Unarmed    |    33 |    15 |       ||    48
       Long sword        |    28 |    19 |       ||    47
